 Dungeon Crawl Stone Soup version bcrawl-1.40.3b (webtiles) character file.

Game seed: 13325486471224663675

11596913 Wachungys the Jinx (level 18, -18/355 HPs)
             Began as a Naga Air Elementalist on Dec 10, 2023.
             Was the Champion of Sif Muna.
             Demolished by an elephant (21 damage)
             ... summoned by a spriggan berserker
             ... on level 1 of the Spriggan Forest on Dec 11, 2023.
             The game lasted 07:05:55 (34041 turns).

Wachungys the Jinx (Naga Air Elementalist)         Turns: 34041, Time: 07:05:55

Health: -18/355    AC: 29    Str: 18      XL:     18   Next: 46%
Magic:  44/48      EV:  1    Int: 34 (35) God:    Sif Muna [******]
Gold:   2311       SH:  5    Dex: 10      Spells: 5/45 levels left

rFire    + . .     GDR:     46% A - staff of power
rCold    x . .     SeeInvis +   (no shield)
rNeg     + + +     Gourm    .   (armour currently unavailable)
rPois    +         Faith    .   (helmet currently unavailable)
rElec    .         Spirit   .   (cloak currently unavailable)
rCorr    .         Reflect  +   (gloves currently unavailable)
MR       ++...     NoTele   +   (no barding)
Stlth    ..........             I - +5 amulet of reflection
HPRegen  0.69/turn              q - +7 ring of intelligence
MPRegen  0.31/turn              X - ring of Attitude {Fire Int+6 Dex-3}

@: berserking (expiring), sluggish, tree-form, very slightly contaminated, very
quick
A: giant, tail, swims, see invisible, agile 1, slow metabolism 1, spit poison 1,
AC +6
}: 2/15 runes: barnacled, gossamer
a: Spit Poison, Divine Energy, Channel Magic, Forget Spell, Moment of Magic,
Renounce Religion


You were on level 1 of the Spriggan Forest.
You worshipped Sif Muna.
Sif Muna was exalted by your worship.
You were hungry.
You were a tree.
You visited 7 branches of the dungeon, and saw 26 of its levels.
You also visited: Gauntlet, Ice Cave and Volcano.

You collected 2752 gold pieces.
You spent 441 gold pieces at shops.

Inventory:

Hand Weapons
 f - the +5 hand axe of Propriety {drain, rF+}
   (You took it off a merfolk aquamancer on level 3 of the Shoals)

   A truly terrible weapon, it drains the life of those it strikes.
   It protects you from fire.
 i - the cursed +3 hand axe of Igrapask {freeze, +Blink rPois Str-3 Int+5}
   (You found it on level 1 of the Shoals)

   It has been specially enchanted to freeze those struck by it, increasing
   damage dealt by approximately one third against foes not resistant or
   susceptible to cold, and potentially slowing cold-blooded foes.
   It affects your strength (-3).
   It affects your intelligence (+5).
   It protects you from poison.
   It lets you blink.
   It has a curse placed upon it.
Missiles
 F - 10 throwing nets (quivered) {=f}
Armour
 b - a +2 hat (melded)
 l - a +2 robe of cold resistance
 w - a +0 cloak of cold resistance (melded)
 D - the +8 ring mail of Sharp Intercession (melded) {rElec Stlth+}
   (You found it on level 1 of the Shoals)

   It insulates you from electricity.
   It makes you more stealthy.
 J - a +2 pair of gloves (melded)
 Y - a +1 barding (melded)
Magical Staves
 A - an uncursed staff of power (weapon)
Jewellery
 g - an uncursed ring of magical power
 q - a +7 ring of intelligence (left branch)
 u - the ring of Xom's Best Wishes {Ice MR+}
   (You found it on level 3 of the Dungeon)

   [ring of ice]

   It enhances your ice magic.
   It makes you vulnerable to fire.
   It protects you from cold.
   It affects your resistance to hostile enchantments.
 I - a +5 amulet of reflection (around neck)
 T - the ring of Cameiqeg {+Fly rElec}
   (You found it in a Gauntlet)

   [ring of flight]

   It insulates you from electricity.
   It lets you fly.
 X - the ring of Attitude (right branch) {Fire Int+6 Dex-3}
   (You took it off a minotaur in a Gauntlet)

   [ring of fire]

   It enhances your fire magic.
   It affects your intelligence (+6).
   It affects your dexterity (-3).
   It protects you from fire.
   It makes you vulnerable to cold.
Wands
 a - a wand of acid (16)
 c - a wand of disintegration (15)
 y - a wand of polymorph (7)
 C - a wand of iceblast (42)
 H - a wand of flame (22)
 W - a wand of random effects (24)
 Z - a wand of digging (7)
Scrolls
 j - a scroll of revelation
 m - 2 scrolls of vulnerability
 n - 10 scrolls of teleportation
 o - 4 scrolls of noise
 p - 11 scrolls of remove curse
 x - 2 scrolls of fog
 z - 3 scrolls of amnesia
 B - 3 scrolls of torment
 G - a scroll of summoning
 L - 2 scrolls of blinking
 M - 5 scrolls of immolation
 O - 2 scrolls of enchant armour
 R - a scroll of fear
Potions
 d - 4 potions of resistance
 h - 4 potions of invisibility
 k - a potion of mutation
 s - 9 potions of ambrosia
 t - a potion of lignification
 E - 2 potions of berserk rage
 K - a potion of cancellation
 N - 2 potions of curing
 S - 2 potions of agility
 V - 3 potions of haste
Miscellaneous
 v - a phial of floods
 P - a lightning rod (4/4)
 Q - a sack of spiders
 U - a lamp of fire
Comestibles
 e - 44 rations {!d}


   Skills:
 - Level 9.2 Fighting
 - Level 7.0 Armour
 - Level 7.0 Dodging
 - Level 9.4 Stealth
 - Level 14.0 Spellcasting
 - Level 1.0 Conjurations
 - Level 14.5 Hexes
 - Level 5.0 Charms
 - Level 12.0 Summonings
 * Level 7.6 Translocations
 - Level 5.0 Transmutations
 - Level 9.0 Air Magic
 - Level 10.0 Poison Magic
 - Level 7.0 Invocations


You had 5 spell levels left.
You knew the following spells:

 Your Spells              Type           Power        Failure   Level  Hunger
a - Static Discharge      Air            ######       1%          1    None
b - Swiftness             Chrm/Air       ######..     1%          2    None
c - Mephitic Cloud        Conj/Pois/Air  ######..     1%          3    None
d - Poisonous Vapours     Pois/Air       ######       1%          2    None
e - Corona                Hex            #######      0%          1    None
f - Yara's Violent Unrav  Hex/Tmut       ######....   1%          4    None
g - Shackle               Hex            #######.     0%          2    None
h - Tukima's Dance        Hex            #######.     0%          3    None
i - Summon Mana Viper     Hex/Summ       #######.     1%          5    None
j - Invisibility          Hex            #######.     1%          6    ###....
k - Summon Lightning Spi  Summ/Air       #######.     1%          5    None
l - Summon Scorpions      Summ/Pois      #######.     1%          4    None
m - Blink                 Tloc           N/A          1%          2    None

Your spell library contained the following spells:

 Spells                   Type           Power        Failure   Level  Hunger
 Slow                     Hex            #######.     0%          1    None
 Summon Butterflies       Summ           #######.     0%          1    None
 Summon Small Mammal      Summ           ####         0%          1    None
 Confuse                  Hex            #######.     0%          3    None
 Apportation              Tloc           ######       1%          1    None
 Blink Other              Tloc           ######       1%          1    None
 Flame Tongue             Conj/Fire      #####        1%          1    None
 Infusion                 Chrm           ######..     1%          1    None
 Call Imp                 Summ           ######       1%          2    None
 Ensorcelled Hibernation  Hex/Ice        ######       1%          2    None
 Flaming Arrows           Chrm/Fire      ######..     1%          2    None
 Shock                    Conj/Air       ######.      1%          2    None
 Song of Slaying          Chrm           ######..     1%          2    None
 Beckoning                Tloc           ######....   1%          3    None
 Call Canine Familiar     Summ           #######.     1%          3    None
 Dazzling Orbs            Conj/Hex       ######.      1%          3    None
 False Image              Hex/Summ       #######.     1%          3    None
 Ignite Poison            Fire/Tmut/Pois ######..     1%          3    None
 Inner Flame              Hex/Fire       N/A          1%          3    None
 Ozocubu's Armour         Chrm/Ice       #####...     1%          3    None
 Recall                   Summ/Tloc      N/A          1%          3    None
 Regeneration             Chrm/Necr      #####.....   1%          3    None
 Spectral Weapon          Hex/Chrm       ######..     1%          3    None
 Spider Form              Tmut/Pois      ###          1%          3    None
 Airstrike                Air            ######....   1%          4    None
 Cause Fear               Hex            #######...   1%          4    None
 Fulminant Prism          Conj/Hex       ######....   1%          4    None
 Olgreb's Toxic Radiance  Pois           #######..    1%          4    None
 Tree Form                Hex/Tmut       N/A          1%          4    None
 Silence                  Hex/Air        #######...   1%          5    None
 Summon Demon             Summ           #######...   1%          5    None
 Lightning Bolt           Conj/Air       ######..     2%          4    None
 Metabolic Englaciation   Hex/Ice        ######....   2%          5    None
 Conjure Flame            Conj/Fire      #####...     4%          3    None
 Petrify                  Tmut/Erth      #####.....   6%          4    None
 Piercing Shot            Chrm           ######....   6%          5    None
 Freezing Cloud           Ice/Air        ######..     8%          5    None
 Sticky Flame             Conj/Fire      #####...     14%         4    None
 Iskenderun's Battlesphe  Conj/Chrm      #####...     14%         5    None
 Steam Barrier            Chrm/Fire      ######....   17%         5    None
 Bolt of Draining         Conj/Necr      ####......   36%         5    None
 Fireball                 Conj/Fire      #####.....   36%         5    None
 Aura of Abjuration       Summ           #######...   1%          6    ###....
 Summon Hydra             Summ           #######...   1%          6    ###....
 Monstrous Menagerie      Summ           #######...   11%         7    #####..
 Shadow Creatures         Summ           N/A          11%         7    #####..
 Summon Greater Demon     Summ           #######...   11%         7    #####..
 Dispersal                Tloc           ######....   12%         6    ###....
 Deflect Missiles         Chrm/Air       ######....   16%         6    ###....
 Malign Gateway           Summ/Tloc      ######....   26%         7    #####..
 Poison Arrow             Conj/Pois      ######....   28%         6    ###....
 Conjure Ball Lightning   Conj/Air       ######....   34%         6    ###....
 Mana Rupture             Conj/Hex       ######....   52%         7    #####..
 Controlled Blink         Tloc           ######..     54%         7    #####..
 Statue Form              Tmut/Erth      #####....    67%         6    ###....
 Spellforged Servitor     Conj/Summ      ######....   71%         7    #####..
 Summon Fire Elementals   Fire/Summ      #######..    77%         7    #####..
 Dragon Form              Tmut           ######.      88%         7    #####..
 Bolt of Cold             Conj/Ice       ####......   91%         6    ###....
 Iron Shot                Conj/Erth      ####......   91%         6    ###....
 Ozocubu's Refrigeration  Ice            ###.......   95%         6    ###....
 Simulacrum               Ice/Necr       ###.....     95%         6    ###....
 Tornado                  Tloc/Air       ######....   98%         8    ######.
 Icicle Burst             Conj/Ice       ####......   100%        7    #####..
 Chain Lightning          Conj/Air       ######....   100%        8    ######.
 Glaciate                 Conj/Ice/Air   #####.....   100%        8    ######.
 Lehudib's Crystal Spear  Conj/Erth      ####......   100%        8    ######.
 Necromutation            Tmut/Necr      #####...     100%        8    ######.
 Dragon's Call            Summ           #######...   100%        9    #######
 Shatter                  Erth           ###.......   100%        9    #######


Dungeon Overview and Level Annotations

Branches:
Dungeon (11/12)            Temple (0/1) D:6            Lair (6/6) D:9
 Shoals (3/3) Lair:4       Spider (3/3) Lair:4        Slime (1/5) Orc
    Orc (1/1) D:8          Vaults (0/3) D:11         Forest (1/3) Lair:6

Altars:
Ashenzari
Cheibriados
Hepliaklqana
Nemelex Xobeh
Okawaru
Qazlal
Ru
Sif Muna
Trog
Uskayaw
Vehumet
Wu Jian
Xom
The Shining One
Jiyva

Shops:
D:8 [   D:10 ?   Orc ?:(}[=}(   Shoals:2 *

Annotations:
D:1 exclusion: downstairs
D:4 exclusions: 2 downstairs and statue
D:6 2 transporters, exclusion: downstairs
D:7 exclusion: 2 downstairs
D:10 4 runed translucent doors
D:11 1 runed translucent door, exclusion: door
Lair:3 exclusion: oklob plant
Lair:4 exclusion: 2 downstairs
Lair:6 2 transporters, AppleFox63's ghost, journeyman GrRe
Shoals:1 exclusions: 2 downstairs and scorpion
Shoals:2 2 transporters, exclusion: downstairs
Spider:2 exclusions: 2 downstairs and 2 orange crystal statues Orc 1 runed translucent door, tronn's ghost, journeyman HOAc


Innate Abilities, Weirdness & Mutations

You cannot wear boots.
You can swim through water.
((Your serpentine skin is tough. (AC +6)))
You have supernaturally acute eyesight. (SInv)
((Armour fits poorly on your strangely shaped body.))
((Your system is resistant to poisons. (rPois)))
((You cover ground very slowly.))
You have a slow metabolism.
You can spit poison.
((You can use your snake-like lower body to constrict enemies.))
((You are partially covered in large bone plates. (SH +4)))
You are agile. (Dex +2)


Message History

The elephant trunk-slaps you but does no damage.
Your scorpion misses the anaconda.
The spriggan rider hits you but does no damage.
You block the anaconda's attack.
The water elemental hits the plant.
The water elemental engulfs the plant in water!
You closely miss the anaconda.
The anaconda is severely wounded.
You block the elephant's attack.
The elephant trunk-slaps you but does no damage.
The anaconda bites you but does no damage.
Your scorpion splashes around in the water.
The spriggan berserker rages.
The spriggan rider hits you from afar with a +0 spear!
* * * LOW HITPOINT WARNING * * *
Okay, then.
You are too berserk!
You closely miss the anaconda.
The anaconda is severely wounded.
The elephant tramples you!!
You die...

.♣.P.P≈..≈≈≈♣i≈≈
..≈P♣.≈♣≈..≈≈....
.≈.≈≈.≈...P§≈.. .
.P≈≈.≈.≈..§≈.♣≈≈E
♣.≈≈≈.≈≈≈§§.≈≈.♣≈
≈≈≈..P≈P§§.≈≈≈≈≈≈
♣.Pis§i.P§P≈P♣≈
♣P.PESYE≈..P≈≈≈
♣...≈♣PE≈≈≈≈≈≈≈
♣.≈.♣≈P♣≈≈P≈≈≈≈≈
P.♣.♣.P♣...≈≈≈P≈≈
≈ ♣P≈ ♣≈≈≈..≈≈♣
♣♣. .≈≈≈≈≈≈.≈ P.
♣≈.≈≈≈≈≈≈ ♣♣
≈≈≈.≈≈≈ .≈P


You could see an elephant (berserk), an anaconda, a spriggan rider, a spriggan
berserker (berserk), 3 water elementals and a friendly scorpion.

Vanquished Creatures
  Polyphemus (Shoals:3)
  2 sphinxes (Shoals:3)
  An apis (Forest:1)
  2 ghost moths
  4 dire elephants
  3 minotaurs
  2 entropy weavers
  Snorg (Orc)
  2 merfolk javelineers
  Josephine (Orc)
  Harold (D:10)
  Erica (Lair:1)
  An alligator snapping turtle (Shoals:3)
  A catoblepas (Lair:4)
  A spriggan air mage (Forest:1)
  8 two-headed ogres
  2 merfolk aquamancers (Shoals:3)
  8 satyrs (Shoals:3)
  6 sea snakes
  A hell knight (Volcano)
  A centaur warrior (D:11)
  An unseen horror (D:10)
  A wizard (Gauntlet)
  Pikel (D:6)
  3 harpies
  A wolf spider zombie (D:9)
  2 necromancers (Lair:6)
  17 wolf spiders
  2 orc knights (Orc)
  7 orb spiders
  An orc sorcerer (Orc)
  2 moths of wrath
  10 manticores
  3 fauns
  6 elephants
  Joseph (D:7)
  6 merfolk sirens
  3 water nymphs
  3 rime drakes
  11 komodo dragons
  14 jumping spiders
  An eye of draining (D:7)
  A harpy skeleton (D:11)
  15 merfolk
  4 trolls
  3 wind drakes
  5 hornets
  Grinder (D:5)
  A hippogriff (shapeshifter) (D:8)
  10 snapping turtles
  Prince Ribbit (D:8)
  8 blink frogs
  6 hippogriffs
  A ynoxinul (Gauntlet)
  19 tarantellas
  4 water elementals
  17 yaks
  5 fire bats (Volcano)
  3 basilisks
  27 redbacks
  Menkaure (D:5)
  2 wargs (Orc)
  A water moccasin (D:7)
  5 crocodiles
  14 porcupines
  2 black bears
  An ice beast (D:5)
  15 orc warriors
  3 sky beasts
  A soldier ant (D:10)
  A slave (D:6)
  4 ogres
  7 wolves
  4 phantoms
  9 bullfrogs
  A kobold brigand (D:8)
  A wyvern zombie (D:8)
  4 centaurs (D:11)
  2 scorpions
  3 killer bees (D:7)
  An elephant simulacrum (Lair:6)
  A wight (D:8)
  3 howler monkeys
  3 electric eels
  8 orc priests
  2 lava snakes (Volcano)
  6 crimson imps
  A quasit (D:7)
  3 hounds
  3 jellies
  A bullfrog skeleton (D:7)
  10 orc wizards
  Crazy Yiuf (D:5)
  2 iron imps (Gauntlet)
  2 iguanas
  6 worker ants
  A killer bee zombie (D:7)
  A hound zombie (D:8)
  3 gnolls
  12 adders
  A shadow imp (Gauntlet)
  2 white imps (Gauntlet)
  10 oozes
  4 adder skeletons
  4 worms
  4 leopard geckos
  41 orcs
  2 ball pythons
  6 goblins
  5 hobgoblins
  4 jackals (D:2)
  14 kobolds
  4 quokkas
  10 bats
  6 frilled lizards
  A jackal skeleton (D:4)
  3 rats
  A butterfly (Lair:1)
550 creatures vanquished.

Vanquished Creatures (collateral kills)
  3 ghost moths (Spider:3)
  7 emperor scorpions (Spider:3)
  Louise (Shoals:1)
  A merfolk impaler (Shoals:1)
  A ghost crab (Gauntlet)
  2 catoblepae
  4 hydras
  Sonja (Orc)
  2 merfolk avatars
  An ogre mage (Volcano)
  2 satyrs (Shoals:3)
  A merfolk aquamancer (Shoals:2)
  2 two-headed ogres
  9 death yaks
  A spectral dire elephant (Lair:6)
  2 sea snakes (Shoals:3)
  3 orc high priests (Orc)
  A goliath frog (Lair:6)
  3 spectral death yaks (Lair:6)
  A spectral anaconda (Lair:6)
  An obsidian statue (Lair:6)
  7 harpies
  An orange crystal statue (Spider:1)
  A wolf spider zombie (D:10)
  4 orc knights (Orc)
  A cyclops (D:11)
  An ugly thing (D:10)
  2 wolf spiders
  2 necromancers
  A manticore (Lair:4)
  5 fauns
  4 orc sorcerers (Orc)
  A merfolk siren (Shoals:1)
  19 elephants
  An ice statue (IceCv)
  6 black mambas
  3 jumping spiders (Spider:3)
  18 demonic crawlers
  A minotaur zombie (Gauntlet)
  13 cane toads
  2 komodo dragons
  10 freezing wraiths (IceCv)
  2 efreet
  2 eyes of draining
  9 merfolk
  A troll (D:9)
  6 hippogriffs
  6 blink frogs
  A meliai zombie (D:10)
  3 harpy skeletons (D:11)
  A slime creature (Orc)
  4 spectral elephants (Lair:6)
  A spriggan (Forest:1)
  A tarantella (Spider:1)
  A wyvern (Lair:4)
  10 water elementals
  4 wraiths (Orc)
  20 yaks
  A death yak simulacrum (Lair:6)
  5 redbacks
  2 wargs (Orc)
  3 spectral cane toads (Lair:6)
  7 crocodiles
  13 water moccasins
  A porcupine (Lair:2)
  6 orc warriors (Orc)
  7 ice beasts
  A sky beast (D:11)
  4 elephant zombies (Lair:6)
  2 ogres
  A wolf (Lair:2)
  3 elephant skeletons (Lair:6)
  4 bullfrogs
  A gnoll sergeant (D:7)
  10 centaurs (D:11)
  A cane toad simulacrum (Lair:6)
  3 wights (D:8)
  A swamp dragon simulacrum (IceCv)
  2 elephant simulacra (Lair:6)
  5 orc priests
  3 lava snakes (Volcano)
  A draconian simulacrum (IceCv)
  2 jellies (Orc)
  2 orc wizards (Orc)
  3 polar bear simulacra (IceCv)
  A worker ant (D:11)
  4 spriggan simulacra (IceCv)
  3 troll simulacra (IceCv)
  4 ogre simulacra (IceCv)
  An adder (D:11)
  6 naga simulacra (IceCv)
  A shadow imp (Spider:2)
  12 white imps (IceCv)
  2 centaur simulacra (IceCv)
  6 orcs
  3 withered plants (Lair:6)
361 creatures vanquished.

Vanquished Creatures (others)
  A satyr (Shoals:3)
  A wolf spider (Spider:3)
  A water nymph (Shoals:2)
  7 dancing weapons
  A water elemental (Shoals:3)
  A spectral cane toad (Lair:6)
  An orc warrior (Orc)
  A bullfrog (D:11)
  3 centaurs (D:11)
  A jelly (Orc)
  A worker ant (D:6)
  20 fungi
  43 plants
  9 toadstools (D:3)
  14 withered plants (Lair:6)
105 creatures vanquished.

Grand Total: 1016 creatures vanquished

Notes
Turn   | Place    | Note
-------+----------+-------------------------------------------
     0 | D:1      | Wachungys the Naga Air Elementalist began the quest for the
                  | Orb.
     0 | D:1      | Reached XP level 1. HP: 15/15 MP: 3/3
    98 | D:1      | Reached XP level 2. HP: 10/24 MP: 5/5
   223 | D:1      | Reached skill level 1 in Fighting
   900 | D:2      | Reached XP level 3. HP: 27/32 MP: 1/6
  1263 | D:2      | Found an ornate altar of the Wu Jian Council.
  1264 | D:2      | Found an iron altar of Okawaru.
  1609 | D:2      | Reached XP level 4. HP: 27/42 MP: 3/7
  1963 | D:3      | Got a warped jade ring
  2037 | D:3      | Identified the ring of Xom's Best Wishes {Ice MR+} (You
                  | found it on level 3 of the Dungeon)
  2103 | D:3      | Reached XP level 5. HP: 34/49 MP: 1/9
  2300 | D:3      | Reached XP level 6. HP: 19/56 MP: 3/10
  2539 | D:3      | Found a hide-covered altar of Uskayaw.
  2785 | D:4      | Reached skill level 5 in Air Magic
  2790 | D:4      | Learned a level 2 spell: Swiftness
  2794 | D:4      | Learned a level 3 spell: Mephitic Cloud
  2810 | D:4      | Found a shimmering blue altar of Sif Muna.
  2814 | D:4      | Became a worshipper of Sif Muna the Loreminder
  2845 | D:4      | Noticed a phantom
  2853 | D:4      | Reached skill level 1 in Poison Magic
  2862 | D:4      | Killed a phantom
  3004 | D:4      | Found a glowing golden altar of the Shining One.
  3024 | D:4      | Found a sparkling altar of Nemelex Xobeh.
  3028 | D:4      | Reached * piety under Sif Muna
  3028 | D:4      | Identified Afaar's Disquisition on Captivating Feathers
                  | (Sif Muna gifted it to you on level 4 of the Dungeon)
  3028 | D:4      | Received a gift from Sif Muna
  3028 | D:4      | Reached XP level 7. HP: 51/62 MP: 11/11
  3032 | D:4      | Learned a level 2 spell: Poisonous Vapours
  3351 | D:4      | Found a stormy altar of Qazlal.
  3457 | D:4      | Found a radiant altar of Vehumet.
  3637 | D:5      | Entered Level 5 of the Dungeon
  3639 | D:5      | Noticed Grinder
  3672 | D:5      | Noticed Menkaure
  3690 | D:5      | Learned a level 1 spell: Corona
  3869 | D:5      | Found a sacrificial altar of Ru.
  3957 | D:5      | Found a runed door.
  3957 | D:5      | Noticed Crazy Yiuf
  3962 | D:5      | Killed Crazy Yiuf
  4066 | D:5      | Killed Menkaure
  4067 | D:5      | Reached XP level 8. HP: 67/72 MP: 12/12
  4131 | D:5      | Killed Grinder
  4132 | D:5      | Reached ** piety under Sif Muna
  4267 | D:5      | Reached skill level 5 in Hexes
  4428 | D:5      | Found a shattered altar of Ashenzari.
  4583 | D:6      | Noticed a hippogriff
  4587 | D:6      | Found a transporter.
  4587 | D:6      | Found a snail-covered altar of Cheibriados.
  4594 | D:6      | Found a transporter.
  4634 | D:6      | Learned a level 4 spell: Yara's Violent Unravelling
  4752 | D:6      | Noticed Pikel
  4768 | D:6      | Killed Pikel
  4769 | D:6      | Reached *** piety under Sif Muna
  4769 | D:6      | Reached XP level 9. HP: 53/78 MP: 15/15
  4977 | D:6      | Found a staircase to the Ecumenical Temple.
  5088 | D:6      | Learned a level 2 spell: Shackle
  5462 | D:7      | Noticed a troll
  5466 | D:7      | Reached skill level 5 in Spellcasting
  5472 | D:7      | Received a gift from Sif Muna
  5642 | D:7      | Killed a troll
  5643 | D:7      | Reached **** piety under Sif Muna
  5654 | D:7      | Learned a level 3 spell: Tukima's Dance
  6033 | D:7      | Reached ***** piety under Sif Muna
  6050 | D:7      | Noticed Joseph
  6070 | D:7      | Killed Joseph
  6071 | D:7      | Reached skill level 5 in Transmutations
  6071 | D:7      | Reached XP level 10. HP: 29/85 MP: 16/19
  6639 | D:8      | Found Ocreopol's Armour Shop.
  6639 | D:8      | Found a staircase to the Orcish Mines.
  6856 | D:8      | Noticed a two-headed ogre
  6879 | D:8      | Killed a two-headed ogre
  7062 | D:8      | Noticed a two-headed ogre
  7078 | D:8      | Killed a two-headed ogre
  7079 | D:8      | Identified Sif Muna's Volume of Venomous Battle Magic (Sif
                  | Muna gifted it to you on level 8 of the Dungeon)
  7079 | D:8      | Received a gift from Sif Muna
  7142 | D:8      | Noticed Prince Ribbit
  7179 | D:8      | Killed Prince Ribbit
  7180 | D:8      | Reached ****** piety under Sif Muna
  7283 | D:8      | Reached XP level 11. HP: 67/92 MP: 9/20
  7864 | D:8      | Learned a level 6 spell: Invisibility
  7871 | Orc      | Entered the Orcish Mines
  7876 | Orc      | Noticed an orc knight
  7879 | Orc      | Noticed a two-headed ogre
  7914 | Orc      | Found Naukhluuj's Weapon Boutique.
  7933 | Orc      | Noticed Sonja
  7934 | Orc      | Noticed Josephine
  7939 | Orc      | Noticed Snorg
  7950 | Orc      | Killed a two-headed ogre
  7951 | Orc      | Reached skill level 5 in Stealth
  7965 | Orc      | Reached skill level 1 in Invocations
  7968 | Orc      | Killed Snorg
  8099 | Orc      | Found Riffomay's Book Shoppe.
  8121 | Orc      | Learned a level 5 spell: Summon Mana Viper
  8147 | Orc      | Reached skill level 1 in Summonings
  8169 | Orc      | Found Seorar's Magic Scroll Shoppe.
  8199 | Orc      | Killed Sonja
  8219 | Orc      | Killed an orc knight
  8380 | Orc      | Reached skill level 5 in Summonings
  8392 | Orc      | Killed Josephine
  8393 | Orc      | Identified Sif Muna's Guide on the Warped Mountains (Sif
                  | Muna gifted it to you in the Orcish Mines)
  8393 | Orc      | Received a gift from Sif Muna
  8470 | Orc      | Found a viscous altar of Jiyva.
  8470 | Orc      | Found a staircase to the Slime Pits.
  8480 | Orc      | Found a runed translucent door.
  8482 | Orc      | Found Yxtilubb's Weapon Shop.
  8486 | Orc      | Noticed tronn's ghost (journeyman HOAc)
  8755 | Orc      | Noticed an orc sorcerer
  8757 | Orc      | Noticed an orc knight
  8760 | Orc      | Killed an orc sorcerer
  8761 | Orc      | Reached XP level 12. HP: 99/99 MP: 17/23
  8900 | Orc      | Reached skill level 5 in Invocations
  8946 | Orc      | Noticed an orc high priest
  8948 | Orc      | Noticed a soul eater
  8955 | Orc      | Noticed a sun demon
  9131 | D:9      | Noticed a two-headed ogre
  9142 | D:9      | Killed a two-headed ogre
  9285 | D:9      | Got a crude brass ring
  9287 | D:9      | Identified the ring of Impatience {Ice rN+} (You found it
                  | on level 9 of the Dungeon)
  9300 | D:9      | Found a staircase to the Lair.
  9332 | Lair:1   | Entered Level 1 of the Lair of Beasts
  9426 | Lair:1   | Found a gate leading to a gauntlet.
  9439 | Gauntlet | Entered a Gauntlet
  9439 | Gauntlet | Found a transporter.
  9439 | Gauntlet | Found a transporter.
  9443 | Gauntlet | Found a transporter.
  9449 | Gauntlet | Noticed a death scarab
  9450 | Gauntlet | Found a transporter.
  9459 | Gauntlet | Found a transporter.
  9460 | Gauntlet | Found a transporter.
  9460 | Gauntlet | Found a transporter.
  9468 | Gauntlet | Found a transporter.
  9487 | Gauntlet | Found a transporter.
  9487 | Gauntlet | Found a transporter.
  9487 | Gauntlet | Noticed a ghost crab
  9541 | Gauntlet | Got a scorched amber ring
  9543 | Gauntlet | Identified the ring of Cameiqeg {+Fly rElec} (You found it
                  | in a Gauntlet)
  9549 | Gauntlet | Found a transporter.
  9577 | Gauntlet | Noticed a soul eater
  9613 | Gauntlet | Found a transporter.
  9614 | Gauntlet | Found a transporter.
  9739 | Gauntlet | Killed a ghost crab
  9750 | Gauntlet | Got a shimmering brass amulet
  9757 | Gauntlet | Identified the amulet "Tilaism" {Faith rPois} (You found it
                  | in a Gauntlet)
  9861 | Gauntlet | Identified the +4 great mace "Grum" {crush, +Blink rF+
                  | Dex-5}
  9861 | Gauntlet | Identified the ring of Attitude {Fire Int+6 Dex-3}
  9861 | Gauntlet | Noticed a minotaur
  9886 | Gauntlet | Killed a minotaur
 10060 | Lair:1   | Reached skill level 1 in Armour
 10369 | Lair:1   | Noticed a seven-headed hydra
 10383 | Lair:1   | Killed a seven-headed hydra
 10388 | Lair:1   | Noticed Erica
 10399 | Lair:1   | Killed Erica
 10693 | Lair:1   | Identified Sif Muna's Papyrus of Intoxication and Attacks
                  | (Sif Muna gifted it to you on level 1 of the Lair of
                  | Beasts)
 10693 | Lair:1   | Received a gift from Sif Muna
 10872 | Lair:2   | Gained mutation: You can use your snake-like lower body to
                  | constrict enemies. [Naga growth]
 10872 | Lair:2   | Reached XP level 13. HP: 105/105 MP: 25/25
 11061 | Lair:2   | Reached skill level 5 in Armour
 11061 | Lair:2   | Reached skill level 5 in Dodging
 11359 | Lair:2   | Learned a level 6 spell: Invisibility
 11837 | Lair:3   | Found a hazy altar of Hepliaklqana.
 12026 | Lair:3   | Found a dark tunnel.
 12045 | Volcano  | Entered a volcano
 12100 | Volcano  | Reached skill level 10 in Hexes
 12399 | Volcano  | Found a burning altar of Makhleb.
 12832 | Lair:3   | Reached skill level 10 in Poison Magic
 13236 | Lair:3   | Identified Sif Muna's Reference Book on Assistive Calling
                  | (Sif Muna gifted it to you on level 3 of the Lair of
                  | Beasts)
 13236 | Lair:3   | Received a gift from Sif Muna
 13245 | Lair:3   | Reached skill level 10 in Spellcasting
 13342 | Lair:3   | Reached XP level 14. HP: 114/114 MP: 28/28
 13894 | Lair:4   | Found a hole to the Spider Nest.
 14263 | Lair:4   | Found a radiant altar of Vehumet.
 14295 | Lair:4   | Found a staircase to the Shoals.
 15305 | Lair:5   | Learned a level 5 spell: Summon Lightning Spire
 15506 | Lair:5   | Identified Sif Muna's Grimoire of Envenoming and Calling
                  | (Sif Muna gifted it to you on level 5 of the Lair of
                  | Beasts)
 15506 | Lair:5   | Received a gift from Sif Muna
 15789 | Lair:6   | Entered Level 6 of the Lair of Beasts
 15874 | Lair:6   | Found a frozen archway.
 15889 | IceCv    | Entered an ice cave
 16284 | IceCv    | Learned a level 1 spell: Blink Other
 16303 | IceCv    | Found an ancient bone altar of Kikubaaqudgha.
 16870 | Lair:6   | Reached skill level 10 in Summonings
 17038 | Lair:6   | Reached skill level 5 in Charms
 17141 | Lair:6   | Noticed AppleFox63's ghost (journeyman GrRe)
 17144 | Lair:6   | Identified the cursed +1 trident "Pifog" {flame, +Fly rN+
                  | Stlth+}
 17151 | Lair:6   | Found a transporter.
 17152 | Lair:6   | Found a bloodstained altar of Trog.
 17152 | Lair:6   | Identified the +10 trident of the Fulmar {elec, Dex+4}
 17161 | Lair:6   | Found a transporter.
 17181 | Lair:6   | Noticed a dire elephant
 17182 | Lair:6   | Noticed a dire elephant
 17330 | Lair:6   | Reached skill level 5 in Fighting
 17395 | Lair:6   | Found a staircase to the Spriggan Forest.
 17421 | Lair:6   | Reached XP level 15. HP: 123/123 MP: 31/31
 18449 | Orc      | Identified Sif Muna's Volume of Lightness and Creation (Sif
                  | Muna gifted it to you in the Orcish Mines)
 18449 | Orc      | Received a gift from Sif Muna
 18553 | Orc      | Found Pesul's Gadget Shoppe.
 18553 | Orc      | Found Tiruapt's Jewellery Shoppe.
 18554 | Orc      | Found Suwy's Armour Boutique.
 18554 | Orc      | Found Gyoro's Gadget Boutique.
 18867 | Slime:1  | Entered Level 1 of the Pits of Slime
 19739 | D:10     | Entered Level 10 of the Dungeon
 19739 | D:10     | Found a runed translucent door.
 19919 | D:10     | Noticed Harold
 19929 | D:10     | Killed Harold
 20067 | D:10     | Found a runed translucent door.
 20192 | D:10     | Found a runed translucent door.
 20211 | D:10     | Found a runed translucent door.
 20271 | D:10     | Found Bozydi's Magic Scroll Emporium.
 20282 | D:10     | Bought a scroll of identify for 28 gold pieces
 20282 | D:10     | Bought a scroll of fear for 70 gold pieces
 20282 | D:10     | Bought a scroll of enchant armour for 105 gold pieces
 20282 | D:10     | Bought a scroll of identify for 28 gold pieces
 20290 | D:10     | Learned a level 4 spell: Summon Scorpions
 21022 | D:11     | Identified Qikur's Guide on Enhancements and Weightlessness
                  | (Sif Muna gifted it to you on level 11 of the Dungeon)
 21022 | D:11     | Received a gift from Sif Muna
 21117 | D:11     | Found a gate to the Vaults.
 21118 | D:11     | Noticed a mature batfire beast
 21119 | D:11     | Found a runed translucent door.
 21317 | D:11     | Noticed a mature batweird beast
 21584 | D:11     | Found a roughly hewn altar of Beogh.
 21772 | Spider:1 | Entered Level 1 of the Spider Nest
 22831 | Spider:1 | Noticed an emperor scorpion
 24559 | Spider:2 | Reached XP level 16. HP: 84/133 MP: 32/32
 26147 | Spider:3 | Entered Level 3 of the Spider Nest
 26379 | Spider:2 | Received a gift from Sif Muna
 26494 | Spider:2 | You fall into a shaft and drop 1 floor!
 27117 | Spider:3 | Gained mutation: You are clumsy. (Dex -2) [mutagenic glow]
 27565 | Spider:3 | Lost mutation: You are clumsy. (Dex -2) [potion of
                  | mutation]
 27565 | Spider:3 | Gained mutation: You are weak. (Str -2) [potion of
                  | mutation]
 27565 | Spider:3 | Gained mutation: You are resistant to hostile enchantments.
                  | (MR+) [potion of mutation]
 27565 | Spider:3 | Gained mutation: You are partially covered in large bone
                  | plates. (SH +4) [potion of mutation]
 27565 | Spider:3 | Gained mutation: Your tail ends in a poisonous barb.
                  | [potion of mutation]
 28161 | Spider:3 | Identified Sif Muna's Reference Book on Supportive Feathers
                  | (Sif Muna gifted it to you on level 3 of the Spider Nest)
 28161 | Spider:3 | Received a gift from Sif Muna
 28187 | Spider:3 | Got a gossamer rune of Zot
 28348 | Shoals:1 | Entered Level 1 of the Shoals
 28565 | Shoals:1 | Reached XP level 17. HP: 140/140 MP: 33/33
 28565 | Shoals:1 | Noticed Louise
 28581 | Shoals:1 | Killed Louise
 28710 | Shoals:1 | Identified the cursed +3 hand axe of Igrapask {freeze,
                  | +Blink rPois Str-3 Int+5}
 28714 | Shoals:1 | Found a shimmering altar of Xom.
 28859 | Shoals:1 | Identified the +8 ring mail of Sharp Intercession {rElec
                  | Stlth+}
 30110 | Shoals:2 | Found a transporter.
 30113 | Shoals:2 | Identified the amulet of Contentment {RegenMP *Contam +Fly
                  | rElec Str+6}
 30244 | Shoals:2 | Found Jeafoigh's Assorted Antiques.
 30259 | Shoals:2 | Bought a scroll of blinking for 210 gold pieces
 30325 | Shoals:2 | Noticed a kraken
 30362 | Shoals:2 | Found a transporter.
 30386 | Shoals:3 | Entered Level 3 of the Shoals
 30386 | Shoals:3 | Noticed Polyphemus
 30504 | Shoals:3 | Gained mutation: Your spells are a little easier to cast,
                  | but a little less powerful. [mutagenic glow]
 30539 | Shoals:3 | Noticed a sphinx
 30560 | Shoals:3 | Killed a sphinx
 30665 | Shoals:3 | Noticed a sphinx
 30677 | Shoals:3 | Killed a sphinx
 30686 | Shoals:3 | Identified the +5 hand axe of Propriety {drain, rF+}
 31235 | Shoals:3 | Killed Polyphemus
 31261 | Shoals:3 | Reached XP level 18. HP: 108/157 MP: 10/36
 31268 | Shoals:3 | Identified Sif Muna's Almanac of Hexes (Sif Muna gifted it
                  | to you on level 3 of the Shoals)
 31268 | Shoals:3 | Received a gift from Sif Muna
 31333 | Shoals:3 | Learned a level 2 spell: Blink
 31478 | Shoals:3 | Reached skill level 1 in Translocations
 31564 | Shoals:3 | Got a barnacled rune of Zot
 32719 | Lair:6   | Reached skill level 5 in Translocations
 33101 | Lair:6   | Lost mutation: You are resistant to hostile enchantments.
                  | (MR+) [potion of mutation]
 33101 | Lair:6   | Lost mutation: Your tail ends in a poisonous barb. [potion
                  | of mutation]
 33101 | Lair:6   | Lost mutation: You are weak. (Str -2) [potion of mutation]
 33101 | Lair:6   | Lost mutation: Your spells are a little easier to cast, but
                  | a little less powerful. [potion of mutation]
 33101 | Lair:6   | Gained mutation: You are agile. (Dex +2) [potion of
                  | mutation]
 33445 | Lair:6   | Identified the +10 long sword "Oriweuto" {flame, rElec
                  | Int+5 Dex-2 Stlth+}
 33651 | Forest:1 | Entered Level 1 of the Spriggan Forest
 34038 | Forest:1 | HP: 15/355 [spriggan rider/+0 spear (9)]
 34040 | Forest:1 | HP: 3/355 [spriggan rider/+0 spear (13)]
 34041 | Forest:1 | Demolished by an elephant

Skill      XL: |  1  2  3  4  5  6  7  8  9 10 11 12 13 14 15 16 17 18 |
---------------+-------------------------------------------------------+-----
Dodging        | 2 4 5 6 7 |  7.0
Fighting       | 2 3 4 5 6 8 9 |  9.2
Spellcasting   | 3 4 6 7 8 10 12 14 | 14.0
Air Magic      | 4 5 6 7 8 9 |  9.0
Poison Magic   | 3 4 6 8 10 | 10.0
Hexes          | 3 6 8 9 10 14 | 14.5
Transmutations | 2 5 |  5.0
Stealth        | 6 8 9 |  9.4
Invocations    | 4 5 7 |  7.0
Summonings     | 7 9 10 12 | 12.0
Armour         | 4 5 6 7 |  7.0
Charms         | 5 |  5.0
Translocations | 7 |  7.6
Conjurations   | |  1.0

Action                   |  1- 3 |  4- 6 |  7- 9 | 10-12 | 13-15 | 16-18 || total
-------------------------+-------+-------+-------+-------+-------+-------++-------
Melee: Dagger            |    36 |    53 |    16 |    13 |    34 |       ||   152
       Quarterstaff      |       |       |    57 |   123 |       |       ||   180
       Constrict         |       |       |       |       |    18 |    10 ||    28
       Staff             |       |       |       |       |    47 |    94 ||   141
       Tailslap          |       |       |       |       |       |    13 ||    13
Throw: Throwing net      |       |       |       |       |     1 |       ||     1
 Cast: Static Discharge  |    27 |    54 |    46 |    28 |    28 |    35 ||   218
       Poisonous Vapours |       |       |    20 |   110 |   253 |   404 ||   787
       Corona            |       |       |    12 |    24 |     4 |    32 ||    72
       Swiftness         |       |       |     3 |     1 |     3 |     7 ||    14
       Mephitic Cloud    |       |       |     7 |     5 |     8 |     2 ||    22
       Shackle           |       |       |    19 |   102 |   306 |   299 ||   726
       Yara's Violent Un |       |       |     4 |    18 |       |     2 ||    24
       Tukima's Dance    |       |       |     1 |    16 |     2 |    29 ||    48
       Summon Mana Viper |       |       |       |    30 |   157 |    91 ||   278
       Invisibility      |       |       |       |       |    13 |    18 ||    31
       Summon Lightning  |       |       |       |       |    98 |    50 ||   148
       Blink Other       |       |       |       |       |     1 |       ||     1
       Summon Scorpions  |       |       |       |       |    35 |    73 ||   108
       Blink             |       |       |       |       |       |     2 ||     2
Invok: Channel Magic     |       |       |       |     3 |     3 |     9 ||    15
       Forget Spell      |       |       |       |     1 |       |       ||     1
       Divine Energy     |       |       |       |       |       |     2 ||     2
       Moment of Magic   |       |       |       |       |       |     1 ||     1
 Abil: Spit Poison       |    35 |    23 |    24 |    73 |    52 |    33 ||   240
       Evoke Flight      |       |       |       |       |     1 |       ||     1
Evoke: Wand              |       |       |     7 |     3 |     6 |    20 ||    36
       Lightning rod     |       |       |       |     1 |       |     1 ||     2
  Use: Scroll            |       |     3 |     1 |     4 |    16 |    13 ||    37
       Potion            |       |     1 |     1 |     3 |     9 |    12 ||    26
 Stab: Sleeping          |     1 |       |     1 |     1 |       |       ||     3
       Confused          |       |       |     1 |       |       |       ||     1
       Petrified         |       |       |       |     2 |       |       ||     2
       Paralysed         |       |       |       |     2 |       |       ||     2
       Distracted        |       |       |       |       |     1 |       ||     1
       Invisible         |       |       |       |       |       |     1 ||     1
  Eat: Chunk             |     4 |     8 |    10 |    33 |    54 |    42 ||   151
       Ration            |       |       |     1 |     1 |     6 |     1 ||     9
Armor: Robe              |    13 |    35 |    55 |    98 |   220 |   102 ||   523
       Ring mail         |       |       |       |       |       |   146 ||   146
       Skin              |       |       |       |       |       |    60 ||    60
Dodge: Dodged            |    37 |    50 |    65 |   147 |   155 |   157 ||   611
Block: Other             |       |     7 |    23 |    60 |    90 |   154 ||   334
       Reflection        |       |     2 |       |     7 |    11 |    20 ||    40
